 Dungeon Crawl Stone Soup version 0.31.0-4-g52a2dc7128 (webtiles) character file.

Game seed: 4250504987085484976

170 stipulation the Ruffian (level 5, 0/45 HPs)
             Began as a Ghoul Monk on Jan 21, 2024.
             Slain by a mummy (10 damage)
             ... in an ossuary.
             The game lasted 00:01:34 (2647 turns).

stipulation the Ruffian (Ghoul Monk)                Turns: 2647, Time: 00:01:35

Health: 0/45       AC: 10    Str: 17    XL:     5   Next: 50%
Magic:  5/5        EV: 11    Int:  9    God:
Gold:   150        SH:  0    Dex: 11    Spells: 4/4 levels left

rFire   . .          .
                       - Unarmed
rCold   + . .        c - orb {light}
rNeg    + + +        j - +0 ring mail
rPois   ∞            (no helmet)
rElec   .            (no cloak)
rCorr   +            (no gloves)
SInv    .            s - +0 pair of boots
Will    .....        (no amulet) Stlth
                     h - +4 ring of protection
HPRegen 0.00/turn    p - ring of resist corrosion
MPRegen 0.09/turn

%: no passive effects
@: inhibited regen, glowing
A: claws 1, cold resistance 1, negative energy resistance 3, inhibited
regeneration, torment resistance 2, devour on kill
a: no special abilities


You were in an ossuary.
You visited 1 branch of the dungeon, and saw 4 of its levels.
You also visited: Ossuary.

You collected 150 gold pieces.

Inventory:

Armour
 a - a +0 robe
 c - an orb of light (worn)
 j - a +0 ring mail (worn)
 s - a +0 pair of boots (worn)
Jewellery
 h - a +4 ring of protection (left claw)
 m - a ring of protection from cold
 p - a ring of resist corrosion (right claw)
Scrolls
 e - 4 scrolls of identify {unknown}
 g - 2 scrolls of teleportation {unknown}
 i - a scroll of fear {unknown}
 k - 2 scrolls of blinking {unknown}
 n - a scroll of immolation {unknown}
 o - a scroll of acquirement {unknown}
 t - a scroll of torment {unknown}
 u - a scroll of revelation {unknown}
Potions
 d - 3 potions of heal wounds {unknown}
 f - 4 potions of brilliance {unknown}
 l - 2 potions of haste {unknown}
 q - a potion of lignification {unknown}
 r - a potion of invisibility {unknown}


   Skills:
 - Level 3.2 Fighting
 - Level 2.6 Dodging
 + Level 6.6 Unarmed Combat


You had 4 spell levels left.
You didn't know any spells.
Your spell library contained the following spells:

 Spells                   Type           Power      Damage    Failure   Level
 Blink                    Tloc           0%         N/A       75%         2
 Lesser Beckoning         Tloc           0%         N/A       75%         2
 Momentum Strike          Conj/Tloc      0%         3d8       75%         2


Dungeon Overview and Level Annotations

Branches:
Dungeon (4/15)            Ossuary (1/1)
 Temple: D:4-7

Altars:
Gozag
Nemelex Xobeh


Innate Abilities, Weirdness & Mutations

You are immune to poison.
You have sharp fingernails.
Your flesh is cold resistant. (rC+)
You are immune to negative energy. (rN+++)
You do not regenerate when monsters are visible.
You are immune to unholy pain and torment.
You thrive by killing the living.


Message History

The mummy is severely damaged.
You feel less invigorated.
You feel less confused.
The orc zombie hits you but does no damage.
You scratch the mummy.
The mummy is almost destroyed.
The orc zombie hits you but does no damage.
The mummy closely misses you.
You claw the mummy!
You destroy the mummy!
The orc zombie hits you but does no damage.
You claw the orc zombie!
The orc zombie is almost destroyed.
The mummy hits you. The mummy completely misses you.
You completely miss the orc zombie.
The orc zombie is almost destroyed.
The orc zombie hits you but does no damage.
You claw the orc zombie!
You destroy the orc zombie!
The mummy hits you but does no damage. The mummy barely misses you.
You claw the mummy!
The mummy is heavily damaged.
You scratch the mummy.
The mummy is severely damaged.
The mummy closely misses you. The mummy hits you but does no damage.
You scratch the mummy but do no damage.
The mummy is severely damaged.
You scratch the mummy but do no damage.
The mummy is severely damaged.
The mummy hits you! x2
* * * LOW HITPOINT WARNING * * *
You claw the mummy!
You destroy the mummy!
An orc zombie comes into view.
The mummy barely misses you.
The orc zombie moves out of view.
You scratch the mummy but do no damage. You scratch the mummy.
The mummy is moderately damaged.
The mummy hits you!
You die...

....##....##..
.............
............
Z..........
........#
......# #....#
#@M..# #....#
#....# #....#
#....# #....#
#....# #.∩∩.#
######


You could see a mummy and an orc zombie.

Vanquished Creatures
  An orc priest (D:3)
  3 mummies (Ossuary)
  2 adders (D:4)
  2 dart slugs (D:1)
  7 orcs
  7 ball pythons
  4 endoplasms
  2 giant cockroaches
  10 hobgoblins
  4 quokkas
  3 bats (D:1)
  2 frilled lizards (D:1)
  2 gnoll zombies
  7 goblins
  A goblin zombie (D:4)
  A hobgoblin zombie (Ossuary)
  A jackal zombie (D:4)
  5 kobolds
  2 kobold zombies (Ossuary)
  3 orc zombies (Ossuary)
  3 rats
72 creatures vanquished.

Notes
Turn   | Place    | Note
-------+----------+-------------------------------------------
     0 | D:1      | stipulation the Ghoul Monk began the quest for the Orb.
     0 | D:1      | Reached XP level 1. HP: 19/19 MP: 1/1
   241 | D:1      | Reached XP level 2. HP: 26/26 MP: 2/2
   253 | D:1      | Reached skill level 4 in Unarmed Combat
   434 | D:1      | Reached XP level 3. HP: 28/31 MP: 3/3
  1098 | D:2      | Reached skill level 5 in Unarmed Combat
  1769 | D:3      | Found an opulent altar of Gozag.
  1856 | D:3      | Found a sparkling altar of Nemelex Xobeh.
  1893 | D:3      | Reached XP level 4. HP: 38/38 MP: 4/4
  2312 | D:3      | Found a faded altar of an unknown god.
  2551 | D:4      | Reached skill level 6 in Unarmed Combat
  2572 | D:4      | Reached XP level 5. HP: 45/45 MP: 5/5
  2582 | D:4      | Found a sand-covered staircase.
  2602 | Ossuary  | Entered an ossuary
  2647 | Ossuary  | Slain by a mummy

Illustrated notes

Levels and vault maps discovered:
D:1:      kennysheep_arrival_forest, layout_basic, minmay_parallelograms
D:2:      layout_loops_ring, minmay_unequal
D:3:      layout_loops_cross, grunt_gozag_statues, nemelex_diamond_rough_becter,
          hellmonk_ecumenical_altar_inner_sanctum
D:4:      layout_basic, mainiacjoe_overflow_brackets, enter_ossuary_3,
          kennysheep_generic_room_14
Ossuary:  ossuary_tomb_3

Skill      XL: |  1  2  3  4 |
---------------+-------------+-----
Unarmed Combat | 4 5 6 |  6.6
Fighting       | |  3.2
Dodging        | |  2.6

Action                     |  1- 3 |  4- 6 || total
---------------------------+-------+-------++-------
  Melee: Unarmed           |   108 |    76 ||   184
    Use: Potion            |       |     1 ||     1
 Armour: Robe              |    37 |       ||    37
         Ring mail         |    11 |    50 ||    61
  Dodge: Dodged            |    57 |    62 ||   119
